 Seeded DCSS version 0.30.0-7-g0c4daa9e05 (webtiles) character file.

Game seed: 18007716519941398942 (custom seed)

14 IndexError the Shooter (level 2, 23/23 HPs)
             Began as a Demonspawn Hunter on May 13, 2023.
             Quit the game on level 1 of the Dungeon.
             The game lasted 00:01:24 (152 turns).

IndexError the Shooter (Demonspawn Hunter)           Turns: 152, Time: 00:01:24

Health: 23/23      AC:  3    Str: 11    XL:     2   Next: 31%
Magic:  2/2        EV: 11    Int: 10    God:
Gold:   9          SH:  5    Dex: 16    Spells: 1/1 levels left

rFire   . . .        a - +0 shortbow
rCold   . . .        (shield currently unavailable)
rNeg    . . .        c - +0 leather armour
rPois   +            (no helmet)
rElec   .            (no cloak)
rCorr   +            (no gloves)
SInv    .            (no boots)
Will    .....        j - amulet "Huinair" {Reflect Rampage rPois rCorr SH+5}
Stlth   +            (no ring)
HPRegen 0.23/turn    (no ring)
MPRegen 0.08/turn

%: reflection, rampage
@: no status effects
A: powered by pain 1
a: no special abilities


You were on level 1 of the Dungeon.
You visited 1 branch of the dungeon, and saw 1 of its levels.

You collected 9 gold pieces.

Inventory:

Hand Weapons
 a - a +0 shortbow (weapon)
Armour
 c - a +0 leather armour (worn)
 i - the +3 helmet of the Game of Kings {MP+9 Int+4}
   (You acquired it on level 1 of the Dungeon)

   Int:       It affects your intelligence (+4).
   MP:        It affects your magic capacity (+9).
Jewellery
 f - an amulet of faith {Faith, !P}
   (You found it on level 1 of the Dungeon)
 g - an amulet of the acrobat
   (You found it on level 1 of the Dungeon)
 j - the amulet "Huinair" (around neck) {Reflect Rampage rPois rCorr SH+5}
   (You acquired it on level 1 of the Dungeon)

   [amulet of reflection]

   It reflects blocked missile attacks.
   rPois:     It protects you from poison.
   rCorr:     It protects you from acid and corrosion.
   SH:        It affects your SH (+5).
   Rampage:   It bestows one free step when moving towards enemies.
Scrolls
 b - a scroll of immolation {!r}
 d - a scroll of magic mapping {unknown}
 h - a scroll of acquirement
Potions
 e - a potion of berserk rage {unknown}


   Skills:
 + Level 2.3 Fighting
 * Level 4.0 Ranged Weapons
 - Level 1.7 Dodging
 - Level 0.8 Stealth


You had one spell level left.
You didn't know any spells.
Your spell library was empty.

Dungeon Overview and Level Annotations

Branches:
Dungeon (1/15)

Altars:


Innate Abilities, Weirdness & Mutations

You sometimes gain a little power by taking damage.


Message History

Options error: Bad colour 'boring' in message_colour setting: 'boring:trembles before you' Options error: Bad colour 'boring' in message_colour setting: 'boring:You feel mildly nauseous' Options error: Bad colour 'boring' in message_colour setting: 'boring:Multicoloured lights dance around' Options error: Unknown explore stop condition 'greedy_sacrificeable' (~/.crawlrc:7640) Bad channel name 'Jiyva says' for runrest: 'Jiyva says: Divide and consume' Welcome, IndexError the Demonspawn Hunter.
Game seed: 18007716519941398942 (custom seed) Press ? for a list of commands and other information.
Found six items.
Found a staircase leading out of the dungeon.
Unknown command.
Unknown command.
Unknown command.
Unknown command.
Unknown command.
Unknown command.
d - a scroll labelled DAUD DOTON
e - a pink potion
f - an amulet of faith {Faith, !P} You now have 9 gold pieces.
A jackal comes into view.
You shoot an arrow. The arrow hits the jackal.
The jackal barks!
You hear a bark! x2
A jackal comes into view.
You shoot an arrow. The arrow closely misses the jackal.
The jackal barks!
The arrow hits the jackal.
A jackal comes into view.
You shoot an arrow. The arrow hits the jackal!
A jackal comes into view.
You shoot an arrow. The jackal barks!
The arrow hits the jackal.
An endoplasm comes into view.
You shoot an arrow. The arrow closely misses the jackal.
You shoot an arrow. The arrow hits the jackal.
The jackal misses you.
You shoot an arrow. The arrow barely misses the jackal.
The arrow hits the jackal!
The jackal bites you. The jackal barely misses you.
You take 2 damage, and have 14/16 hp.
You shoot an arrow. The arrow hits the jackal.
You shoot an arrow.
The arrow completely misses the endoplasm.
The endoplasm hits you but does no damage.
You shoot an arrow. The arrow hits the endoplasm.
The endoplasm closely misses you.
You shoot an arrow.
The arrow hits the endoplasm but does no damage.
The endoplasm freezes you.
You are frozen.
You take 4 damage, and have 11/16 hp.
MASSIVE DAMAGE!!
You shoot an arrow. The arrow hits the endoplasm!
No target in view!
HP restored. 2 endoplasms come into view.
Health restored: 16 You shoot an arrow.
The arrow hits the endoplasm.
The endoplasm quivers.
You shoot an arrow. The endoplasm quivers.
The arrow hits the endoplasm.
You have reached level 2!
Your demonic ancestry asserts itself...
You feel energised by your suffering.
Health restored: 22; MP restored: 2 You shoot an arrow.
The arrow hits the endoplasm.
You shoot an arrow. The arrow hits the endoplasm!
g - an amulet of the acrobat No target in view!
A hobgoblin comes into view.
You shoot an arrow. The arrow hits the hobgoblin.
Your Ranged Weapons skill increases to level 4!
No target in view!
A goblin comes into view. It is wielding a +0 dagger.
You shoot an arrow. The arrow hits the goblin!
No target in view!
An endoplasm and a frilled lizard come into view.
You shoot an arrow. The arrow hits the endoplasm.
The frilled lizard hisses angrily.
You shoot an arrow.
The arrow barely misses the frilled lizard.
The frilled lizard misses you. The frilled lizard closely misses you.
You shoot an arrow. The arrow hits the frilled lizard.
Health restored: 23 You see here a +0 dagger.
h - 3 scrolls labelled DICAOL JAOKK You see here a +0 dagger.
i - a scroll labelled UNKIPPOYZU
As you read the scroll labelled UNKIPPOYZU, it crumbles to dust.
The scroll dissolves into smoke.
It was a scroll of fog.
This is a scroll of acquirement!
Something appears at your feet!
i - the +3 helmet of the Game of Kings {MP+9 Int+4} Something appears at your feet!
j - the amulet "Huinair" {Reflect Rampage rPois rCorr SH+5} You start putting on your amulet.
You continue putting on the amulet "Huinair" {Reflect Rampage rPois rCorr SH+5}. x5
You finish putting on the amulet "Huinair" {Reflect Rampage rPois rCorr SH+5}.
You feel a shielding aura gather around you.
You feel ready to rampage towards enemies.
j - the amulet "Huinair" (around neck) {Reflect Rampage rPois rCorr SH+5} Are you sure you want to abandon this character and quit the game? (Confirm with "yes".)

# #.# #.#..
# #.# #.###
####### #
..# #.# #..
..# #
.####.#####
#.# #.# .
#......)#
#.# #.# #
#.#.##.##
#.# #.#
#.#..#.#
##§###)# #
##.#.#
#§§§§..#
.#.#
#§@###.#
.#.# #§§#
#.# .#.#
#§.# ###
#.# #.§#
#.# #..#
#.# #..#
#.# #..#
#.# #..#
#.# #..#


There were no monsters in sight!

Vanquished Creatures
  4 endoplasms (D:1)
  A goblin (D:1)
  A hobgoblin (D:1)
  4 jackals (D:1)
  A frilled lizard (D:1)
11 creatures vanquished.

Notes
Turn   | Place    | Note
-------+----------+-------------------------------------------
     0 | D:1      | IndexError the Demonspawn Hunter began the quest for the
                  | Orb.
     0 | D:1      | Reached XP level 1. HP: 16/16 MP: 1/1
    64 | D:1      | Gained mutation: You sometimes gain a little power by
                  | taking damage. [demonic ancestry]
    64 | D:1      | Reached XP level 2. HP: 22/22 MP: 2/2
    88 | D:1      | Reached skill level 4 in Ranged Weapons
   143 | D:1      | Identified 3 scrolls of acquirement
   143 | D:1      | Acquired the +3 helmet of the Game of Kings {MP+9 Int+4}
   145 | D:1      | Acquired the amulet "Huinair" {Reflect Rampage rPois rCorr
                  | SH+5}
   152 | D:1      | Quit the game

Illustrated notes

Levels and vault maps discovered:
D:1:      psy_arrival_dodecagon, layout_basic,
          dreamdust_ecumenical_altar_sealed_demon

Skill      XL: |  1  2 |
---------------+-------+-----
Ranged Weapons | 4 |  4.0
Fighting       | |  2.3
Dodging        | |  1.7
Stealth        | |  0.8

Action                     || total
---------------------------++-------
   Fire: Shortbow          ||    21
    Use: Scroll            ||     3
 Armour: Leather armour    ||     1
  Dodge: Dodged            ||     5

Levels and vault maps discovered:
D:1:      psy_arrival_dodecagon, layout_basic,
          dreamdust_ecumenical_altar_sealed_demon

Table legend: (Time is in decaauts)
 A = Elapsed time spent in this place.
 B = Non-inter-level travel time spent in this place.
 C = Inter-level travel time spent in this place.
 D = Time resting spent in this place.
 E = Time spent auto-exploring this place.
 F = Levels seen in this place.
 G = Mean time per level.
                   A        B        C        D        E       F      G
               +--------+--------+--------+--------+--------+-----+--------+
         Total |    159 |    159 |      0 |      0 |     48 |   1 |  159.0 |
       Dungeon |    159 |    159 |      0 |      0 |     48 |   1 |  159.0 |
               +--------+--------+--------+--------+--------+-----+--------+

Top non-repeatable levels by time:
     D:1: 159 daAuts

Table legend:
 A = Kills in this place as a percentage of kills in the entire game.
 B = Kills by you in this place as a percentage of kills by you in the entire game.
 C = Kills by friends in this place as a percentage of kills by friends in the entire game.
 D = Other kills in this place as a percentage of other kills in the entire game.
 E = Experience gained in this place as a percentage of experience gained in the entire game.
 F = Experience gained in this place divided by the number of levels of this place that you have seen.
                   A       B       C       D       E      F
               +-------+-------+-------+-------+-------+----------------------
         Total | 100.0 | 100.0 |   N/A |   N/A | 100.0 |  21.0
       Dungeon | 100.0 | 100.0 |   N/A |   N/A | 100.0 |  21.0
               +-------+-------+-------+-------+-------+----------------------
